 Dungeon Crawl Stone Soup version 0.23-a0-303-gfcac5dec12 (webtiles) character file.

40 Nurxa the Magician (level 3, -5/25 HPs)
             Began as a Human Wanderer on Oct 8, 2018.
             Killed by nerve-wracking pain
             ... invoked by Jessica
              (12 damage)
             ... on level 2 of the Dungeon.
             The game lasted 00:03:21 (942 turns).

Nurxa the Magician (Human Wanderer)                  Turns: 942, Time: 00:03:22

Health: -5/25      AC:  8    Str: 13 (16) XL:     3   Next: 72%
Magic:  8/8        EV:  5    Int: 18 (21) God:
Gold:   49         SH:  0    Dex:  8 (10) Spells: 10/10 levels left

rFire    . . .     SeeInvis .   b - +0 mace
rCold    . . .     Gourm    .   (no shield)
rNeg     . . .     Faith    .   h - +0 chain mail
rPois    +         Spirit   .   (no helmet)
rElec    .         Reflect  .   (no cloak)
rCorr    .         Harm     .   (no gloves)
MR       .....                  (no boots)
Stlth    ..........             (no amulet)
HPRegen  0.08/turn              (no ring)
MPRegen  0.11/turn              (no ring)

@: mighty, brilliant
A: poison resistance, screaming 1, wild magic 1
a: no special abilities


You were on level 2 of the Dungeon.
You were not hungry.

You visited 1 branch of the dungeon, and saw 2 of its levels.

You collected 49 gold pieces.

Inventory:

Hand Weapons
 b - a +0 mace (weapon)
 e - a +0 club
Armour
 d - a +0 robe
 h - a +0 chain mail (worn)
Scrolls
 c - a scroll of teleportation {unknown}
 g - 2 scrolls of identify {unknown}
 j - a scroll of noise {unknown}
Comestibles
 f - 3 rations


   Skills:
 + Level 0.7 Fighting
 * Level 2.5 Maces & Flails
 + Level 0.3 Armour
 + Level 0.5 Dodging
 + Level 1.1 Stealth
   Level 1.0 Shields
 - Level 4.0 Spellcasting
   Level 2.0 Transmutations
   Level 2.0 Earth Magic


You had 10 spell levels left.
You didn't know any spells.
Your spell library contained the following spells:

 Spells                   Type           Power        Failure   Level  Hunger
 Sandblast                Erth           ####..       28%         1    None
 Magic Dart               Conj           ###.         50%         1    None
 Blink                    Tloc           N/A          61%         2    ##.....
 Call Imp                 Summ           ###.....     61%         2    ##.....
 Searing Ray              Conj           ###...       61%         2    ##.....
 Slow                     Hex            ###.....     61%         2    ##.....
 Throw Flame              Conj/Fire      ###...       61%         2    ##.....
 Stone Arrow              Conj/Erth      ###...       69%         3    ###....
 Conjure Flame            Conj/Fire      ###.....     80%         3    ###....
 Mephitic Cloud           Conj/Pois/Air  ###.....     80%         3    ###....


Dungeon Overview and Level Annotations

Branches:
Dungeon (2/15)

Altars:

Annotations:
D:2 Jessica


Innate Abilities, Weirdness & Mutations

Your system is resistant to poisons. (rPois)
You occasionally shout uncontrollably at your foes.
Your spells are a little harder to cast, but a little more powerful.


Message History

Jessica barely misses you.
Your chain mail prevents you from hitting Jessica.
Jessica is heavily wounded.
The gnoll shouts!
Jessica hits you but does no damage.
Jessica gestures wildly while chanting.
Jessica blinks!
A rat comes into view.
You barely miss the gnoll.
A gnoll comes into view. It is wielding a spear.
The gnoll barely misses you.
Your chain mail prevents you from hitting the gnoll.
The gnoll hits you but does no damage.
Your chain mail prevents you from hitting the gnoll.
The gnoll hits you but does no damage.
You thump the gnoll!
You kill the gnoll!
Jessica gestures at you while chanting. Pain shoots through your body!
You die...

####### ....
..... ....
.... ..S r@#
..# #)# ..#
##@## ..#
####..†##..#
........<...#
#####...###.#
##.## # #.#
... #.#. ..


You could see Jessica and a rat.

Vanquished Creatures
  An adder (D:1)
  A gnoll (D:2)
  A dart slug (D:1)
  A leopard gecko (D:1)
  A bat (D:2)
  A giant cockroach (D:1)
  A goblin (D:1)
  4 hobgoblins
  2 kobolds (D:1)
  3 frilled lizards (D:1)
  3 rats
19 creatures vanquished.

Notes
Turn   | Place    | Note
-------+----------+-------------------------------------------
     0 | D:1      | Nurxa the Human Wanderer began the quest for the Orb.
     0 | D:1      | Nurxa set off with: a +0 robe, a +0 club, a ration
     0 | D:1      | Reached XP level 1. HP: 13/13 MP: 5/5
    40 | D:1      | Gained mutation: You occasionally shout uncontrollably at
                  | your foes. [potion of mutation]
    40 | D:1      | Gained mutation: Your spells are a little harder to cast,
                  | but a little more powerful. [potion of mutation]
    40 | D:1      | Gained mutation: Your system is resistant to poisons.
                  | (rPois) [potion of mutation]
    49 | D:1      | Reached skill level 1 in Maces & Flails
   575 | D:1      | Reached XP level 2. HP: 16/19 MP: 7/7
   918 | D:1      | Reached XP level 3. HP: 9/25 MP: 8/8
   926 | D:2      | Noticed Jessica
   942 | D:2      | Killed from afar by Jessica

Vault maps used:
D:1:      saegor_arrival_simple_a
D:2:      uniq_jessica

Skill      XL: |  1  2 |
---------------+-------+-----
Maces & Flails | 1 2 |  2.5
Fighting       | |  0.7
Armour         | |  0.3
Dodging        | |  0.5
Stealth        | |  1.1
Shields        | |  1.0
Spellcasting   | |  4.0
Transmutations | |  2.0
Earth Magic    | |  2.0

Action                   || total
-------------------------++-------
Melee: Club              ||    23
       Mace              ||    88
  Use: Potion            ||     4
Armor: Chain mail        ||    78
       Robe              ||     4
Dodge: Dodged            ||    41

Table legend:
 A = Non-vault XP
 B = Vault XP
 C = Vault XP percentage of total XP
 D = Non-vault monster count
 E = Vault monster count
 F = Vault count percentage of total count
                 A         B        C        D         E       F
            +---------+---------+-------+---------+---------+-------
      Total |      58 |       0 |   0.0 |      19 |       0 |   0.0
            +---------+---------+-------+---------+---------+-------
        D:1 |      38 |       0 |   0.0 |      14 |       0 |   0.0
        D:2 |      20 |       0 |   0.0 |       5 |       0 |   0.0
            +---------+---------+-------+---------+---------+-------
